 Dungeon Crawl Stone Soup version 0.23-a0-183-gf37f6fb (webtiles) character file.

611 iamserjio the Ruffian (level 7, 60/60 HPs)
             Began as a Green Draconian Wanderer on Sept 23, 2018.
             Quit the game on level 2 of the Dungeon.
             The game lasted 00:07:50 (4886 turns).

iamserjio the Ruffian (Green Draconian Wanderer)    Turns: 4886, Time: 00:07:51

Health: 60/60      AC:  6    Str: 14    XL:     7   Next: 20%
Magic:  8/8        EV: 11    Int: 16    God:
Gold:   132        SH:  0    Dex:  9    Spells: 8/8 levels left

rFire    . . .     SeeInvis .     - Unarmed
rCold    . . .     Gourm    .   (no shield)
rNeg     . . .     Faith    .   (armour unavailable)
rPois    +         Spirit   .   (helmet restricted)
rElec    .         Reflect  .   (no cloak)
rCorr    .         Harm     .   (no gloves)
MR       .....                  (no boots)
Stlth    +.........             (no amulet)
HPRegen  0.20/turn              (no ring)
MPRegen  0.11/turn              (no ring)

@: no status effects
A: breathe noxious fumes, unfitting armour, poison resistance, cold-blooded, AC
+6
a: Breathe Noxious Fumes


You were on level 2 of the Dungeon.
You were not hungry.

You visited 1 branch of the dungeon, and saw 4 of its levels.

You collected 132 gold pieces.

Inventory:

Hand Weapons
 d - a +0 club
Jewellery
 g - a +2 ring of strength {unknown}
 o - an uncursed amulet of magic regeneration {unknown}
Scrolls
 e - 3 scrolls of teleportation {unknown}
 h - 9 scrolls of identify {unknown}
 k - 2 scrolls of remove curse {unknown}
 m - a scroll of enchant armour {unknown}
 n - 2 scrolls of immolation {unknown}
 p - a scroll of magic mapping {unknown}
Potions
 b - a potion of haste
 i - a potion of curing {@q1}
 j - a potion of degeneration {unknown}
 l - a potion of heal wounds
Comestibles
 a - a chunk of flesh
 f - 4 rations


   Skills:
 + Level 4.6 Fighting
 - Level 1.0 Dodging
 * Level 6.6 Unarmed Combat
 - Level 1.0 Spellcasting
   Level 2.0 Summonings
   Level 2.0 Earth Magic
   Level 2.0 Evocations


You had 8 spell levels left.
You didn't know any spells.
Your spell library was empty.

Dungeon Overview and Level Annotations

Branches:
Dungeon (4/15)
 Temple: D:4-7

Altars:
Dithmenos


Innate Abilities, Weirdness & Mutations

You can breathe blasts of noxious fumes.
Your lurid green scales are hard. (AC +6)
You cannot fit into any form of body armour.
Your system is resistant to poisons. (rPois)
You are cold-blooded and may be slowed by cold attacks.


Message History

You butcher the bat corpse.
a - 2 chunks of flesh (gained 1)
Things that are here:
an enchanted scythe; a robe The kobold shouts!
The kobold barely misses you.
You hit the kobold. The kobold hits you.
You hit the kobold but do no damage. You tail-slap the kobold.
You kill the kobold!
Things that are here:
5 stones; a kobold corpse You start resting.
Eating one of 2 chunks of flesh.
You eat one of the 2 chunks of flesh.
You feel a little less agile now.
You start resting.
HP restored.
Your library has no spells.
Okay, then.
Unknown command.
Unknown command.

##### #...# ######.#.#
###
.......#.#############..
.......@....)........'..
.......####.##########..
...###. #.# #.. # #. #$#
########.. .. ...
.......... .. #.#
########## ... ..# ..#
###


There were no monsters in sight!

Vanquished Creatures
  Sigmund (D:2)
  An ogre (D:4)
  A hound (D:4)
  2 orc priests (D:3)
  Jessica (D:2)
  2 worker ants (D:4)
  An orc wizard (D:3)
  3 gnolls (D:2)
  5 adders
  An ooze (D:1)
  An adder skeleton (D:4)
  2 worms (D:2)
  A dart slug (D:4)
  4 leopard geckos
  7 orcs (D:3)
  4 giant cockroaches
  7 goblins
  6 hobgoblins
  10 jackals
  10 kobolds
  2 quokkas (D:2)
  2 ball pythons
  5 bats
  A frilled lizard (D:1)
  2 leopard gecko skeletons (D:4)
  7 rats
89 creatures vanquished.

Notes
Turn   | Place    | Note
-------+----------+-------------------------------------------
     0 | D:1      | iamserjio the Draconian Wanderer began the quest for the
                  | Orb.
     0 | D:1      | iamserjio set off with: a potion of berserk rage, a potion
                  | of haste, 2 potions of lignification, a +0 club, a ration
     0 | D:1      | Reached XP level 1. HP: 14/14 MP: 2/2
   433 | D:1      | Reached skill level 1 in Fighting
   433 | D:1      | Reached XP level 2. HP: 22/23 MP: 3/3
   571 | D:1      | Reached skill level 3 in Unarmed Combat
   591 | D:1      | Reached XP level 3. HP: 8/28 MP: 4/4
  1443 | D:2      | Noticed Sigmund
  1945 | D:2      | Reached XP level 4. HP: 36/36 MP: 5/5
  1954 | D:2      | Reached skill level 4 in Unarmed Combat
  2367 | D:2      | Noticed Jessica
  2370 | D:2      | Killed Jessica
  2370 | D:2      | Reached XP level 5. HP: 43/44 MP: 6/6
  3000 | D:3      | Reached skill level 5 in Unarmed Combat
  3510 | D:3      | Found a shadowy altar of Dithmenos.
  3723 | D:4      | Reached XP level 6. HP: 34/51 MP: 7/7
  4405 | D:4      | Reached skill level 6 in Unarmed Combat
  4793 | D:2      | Killed Sigmund
  4793 | D:2      | Your scales start taking on a lurid green colour.
  4793 | D:2      | Reached XP level 7. HP: 43/60 MP: 8/8
  4793 | D:2      | Gained mutation: Your system is resistant to poisons.
                  | (rPois) [Green Draconian growth]
  4886 | D:2      | Quit the game

Vault maps used:
D:1:      lightli_arrival_flooded_house
D:2:      cheibrodos_old_hovel, st_stairs_9, uniq_jessica, uniq_sigmund
D:3:      first_ration, grunt_dithmenos_smoke_and_mirrors
D:4:      minmay_misc_feat_iff

Skill      XL: |  1  2  3  4  5  6 |
---------------+-------------------+-----
Fighting       | 1 2 3 4 |  4.6
Unarmed Combat | 3 4 5 6 |  6.6
Dodging        | |  1.0
Spellcasting   | |  1.0
Summonings     | |  2.0
Earth Magic    | |  2.0
Evocations     | |  2.0

Action                   |  1- 3 |  4- 6 |  7- 9 || total
-------------------------+-------+-------+-------++-------
Melee: Unarmed           |   182 |   236 |     3 ||   421
       Tailslap          |    11 |    17 |     1 ||    29
       Punch             |     1 |     3 |       ||     4
  Use: Potion            |     2 |     5 |       ||     7
 Stab: Sleeping          |       |     1 |       ||     1
  Eat: Chunk             |     3 |     9 |     1 ||    13
Armor: Skin              |    82 |    47 |       ||   129
Dodge: Dodged            |   133 |   118 |     1 ||   252

Table legend:
 A = Non-vault XP
 B = Vault XP
 C = Vault XP percentage of total XP
 D = Non-vault monster count
 E = Vault monster count
 F = Vault count percentage of total count
                 A         B        C        D         E       F
            +---------+---------+-------+---------+---------+-------
      Total |     594 |     280 |  32.0 |      83 |       6 |   6.7
            +---------+---------+-------+---------+---------+-------
        D:1 |      64 |       7 |   9.9 |      32 |       3 |   8.6
        D:2 |      89 |     273 |  75.4 |      20 |       3 |  13.0
        D:3 |     175 |       0 |   0.0 |      18 |       0 |   0.0
        D:4 |     266 |       0 |   0.0 |      13 |       0 |   0.0
            +---------+---------+-------+---------+---------+-------
